 Dungeon Crawl Stone Soup version 0.21-a0-349-g0c35859 (webtiles) character file.

148 vishdafish the Skirmisher (level 5, -17/42 HPs)
             Began as a Demonspawn Fighter on Oct 7, 2017.
             Demolished by an ogre
             ... wielding a +0 giant club
              (30 damage)
             ... on level 4 of the Dungeon.
             The game lasted 00:04:07 (2341 turns).

vishdafish the Skirmisher (Demonspawn Fighter)      Turns: 2341, Time: 00:04:07

Health: -17/42     AC:  7    Str: 22    XL:     5   Next: 8%
Magic:  5/5        EV: 10    Int: 10    God:
Gold:   117        SH:  9    Dex: 12    Spells: 4/4 levels left

rFire    . . .     SeeInvis .   a - +0 war axe
rCold    . . .     Gourm    .   c - +0 shield
rNeg     . . .     Faith    .   b - +0 scale mail
rPois    .         Spirit   .   (no helmet)
rElec    .         Reflect  .   (no cloak)
rCorr    .         Harm     .   y - +0 pair of gloves
MR       .....                  (no boots)
Stlth    ..........             (no amulet)
HPRegen  0.14/turn              q - +3 ring of evasion
MPRegen  0.09/turn              w - ring of loudness (curse)

@: mighty, heavily drained
A: claws 1, spiny 1
a: no special abilities


You were on level 4 of the Dungeon.
You were hungry.

You visited 1 branch of the dungeon, and saw 4 of its levels.

You collected 117 gold pieces.

Inventory:

Hand Weapons
 a - a +0 war axe (weapon)
Armour
 b - a +0 scale mail (worn)
 c - a +0 shield (worn)
 y - a +0 pair of gloves (worn)
Jewellery
 q - a +3 ring of evasion (left hand)
 w - a cursed ring of loudness (right hand)
 x - an uncursed amulet of harm
 B - an uncursed ring of resist corrosion
Scrolls
 e - a scroll of magic mapping {unknown}
 h - a scroll of immolation
 i - 2 scrolls of teleportation {unknown}
 j - a scroll of enchant armour {unknown}
 l - a scroll of recharging {unknown}
 m - a scroll of amnesia {unknown}
 o - a scroll of fog {unknown}
 t - 2 scrolls of identify {unknown}
 u - 2 scrolls of remove curse {unknown}
Potions
 g - a potion of agility {unknown}
 k - a potion of lignification {unknown}
 p - a potion of heal wounds {unknown}
 r - a potion of flight {unknown}
 s - a potion of curing {unknown}
 z - a potion of invisibility {unknown}
 A - a potion of cancellation {unknown}
 C - a potion of degeneration {unknown}
Comestibles
 f - 4 bread rations
 n - 3 meat rations
 v - a fruit


   Skills:
 + Level 3.8(2.4) Fighting
 * Level 3.2(1.8) Axes
 + Level 3.3(2.0) Armour
 + Level 3.3(2.0) Shields


You had 4 spell levels left.
You didn't know any spells.

Dungeon Overview and Level Annotations

Branches:
Dungeon (4/15)
 Temple: D:4-7

Altars:
Fedhas
Kikubaaqudgha
Zin


Innate Abilities, Weirdness & Mutations

You have sharp fingernails.
You are partially covered in sharp spines.


Message History

You are no longer poisoned.
You start resting.
You are feeling hungry.
You start resting.
HP restored.
You see here a halberd of venom.
There is a stone staircase leading down here.
You climb downwards.
The ogre shouts!
There is a stone staircase leading up here.
An ogre is nearby!
You feel very mighty all of a sudden. The ogre closely misses you.
You barely miss the ogre. The ogre is struck by your spines.
The ogre hits you with a giant club!!
Ouch! That really hurt!
* * * LOW HITPOINT WARNING * * *
The ogre is struck by your spines. The ogre hits you with a giant club!!
Ouch! That really hurt!
You die...

#####...##### . #...# ..
#..g# #. ### ##...## ##
###.##.## #.(...# ..
#.......###.###.# .#
............# #.#######.# #
#.###...###.###..##.. .. .###
#.#.##......#...@O.##.#
.#.....
..>.......#.##.###.##.##....#
#..........##.#.........#
#.#.............#.##.##..>.#
#.............#.##.......#
#........##.<...#####...##
.........####.#### #.##
####.#...## #.# .# #.#####
... .#


You could see an ogre.

Vanquished Creatures
  2 gnolls (D:3)
  An adder (D:4)
  An adder skeleton (D:4)
  5 worms
  5 dart slugs
  2 leopard geckos
  2 orcs (D:3)
  4 giant cockroaches
  9 hobgoblins
  13 jackals
  7 kobolds
  A quokka (D:3)
  2 ball pythons
  11 bats
  A frilled lizard (D:2)
  9 goblins
  9 rats
84 creatures vanquished.

Notes
Turn   | Place    | Note
-------+----------+-------------------------------------------
     0 | D:1      | vishdafish the Demonspawn Fighter began the quest for the Orb.
     0 | D:1      | Reached XP level 1. HP: 18/18 MP: 1/1
   151 | D:1      | Gained mutation: You are partially covered in sharp spines. [demonic ancestry]
   151 | D:1      | Reached XP level 2. HP: 24/24 MP: 2/2
   431 | D:1      | Gained mutation: You have sharp fingernails. [demonic ancestry]
   431 | D:1      | Reached XP level 3. HP: 28/29 MP: 3/3
  1158 | D:3      | Reached XP level 4. HP: 35/35 MP: 4/4
  1326 | D:3      | Found a glowing silver altar of Zin.
  1487 | D:3      | Found an ancient bone altar of Kikubaaqudgha.
  1542 | D:3      | Found a blossoming altar of Fedhas.
  1827 | D:4      | Noticed an ogre
  2105 | D:4      | Noticed an ogre
  2164 | D:3      | Reached XP level 5. HP: 37/42 MP: 5/5
  2341 | D:4      | Demolished by an ogre

Vault maps used:
D:1:      moated_graveyard_arrival, serial_bayou_ford_a
D:2:      hangedman_decor_lopped
D:3:      marbit_many_paths, lemuel_coloured_pillars_altar, first_bread,
          lemuel_tele_altar
D:4:      lemuel_doored_altar, serial_shops, shop

Skill      XL: |  1  2  3  4 |
---------------+-------------+-----
Axes           | 2 3 |  3.2
Shields        | 3 |  3.3
Armour         | 3 |  3.3
Fighting       | |  3.8

Action                   |  1- 3 |  4- 6 || total
-------------------------+-------+-------++-------
Melee: War axe           |    90 |    85 ||   175
  Use: Scroll            |     2 |       ||     2
       Potion            |       |     1 ||     1
  Eat: Chunk             |       |     4 ||     4
Armor: Scale mail        |    49 |    20 ||    69
Dodge: Dodged            |    36 |    30 ||    66
Block: Shield            |    60 |    43 ||   103

Table legend:
 A = Spawn XP
 B = Non-spawn XP
 C = Spawn XP percentage of total XP
 D = Spawn monster count
 E = Non-spawn monster count
 F = Spawn count percentage of total count
 G = Total turns spent on level
                    A         B        C        D         E        F      G
               +---------+---------+-------+---------+---------+-------+---------
         Total |       0 |     212 |   0.0 |       0 |      84 |   0.0 |  2341
               +---------+---------+-------+---------+---------+-------+---------
           D:1 |       0 |      47 |   0.0 |       0 |      24 |   0.0 |   573
           D:2 |       0 |      47 |   0.0 |       0 |      24 |   0.0 |   580
           D:3 |       0 |      95 |   0.0 |       0 |      33 |   0.0 |  1110
           D:4 |       0 |      23 |   0.0 |       0 |       3 |   0.0 |    78
               +---------+---------+-------+---------+---------+-------+---------
